 Dungeon Crawl Stone Soup version 0.24-a0-292-g5c6fb1cd70 (webtiles) character file.

Game seed: 6903319340231048398

38 Redear the Ducker (level 3, -3/17 HPs)
             Began as a Felid Chaos Knight on May 10, 2019.
             Was a Plaything of Xom.
             Slain by a fire vortex (19 damage)
             ... summoned by the capriciousness of Xom
             ... on level 2 of the Dungeon.
             The game lasted 00:01:12 (1572 turns).

Redear the Ducker (Felid Chaos Knight)              Turns: 1572, Time: 00:01:13

Health: -3/17      AC:  1    Str:  9    XL:     3   Next: 25%
Magic:  4/4        EV: 19    Int: 13    God:    Xom [..*...]
Gold:   35         SH:  0    Dex: 15    Spells: 2/2 levels left
                                        Lives:  0   Deaths: 0

rFire    . . .     SeeInvis +     - Unarmed
rCold    . . .     Gourm    .   (shield unavailable)
rNeg     . . .     Faith    +   (armour unavailable)
rPois    .         Spirit   .   (helmet unavailable)
rElec    .         Reflect  .   (cloak unavailable)
rCorr    .         Harm     .   (gloves unavailable)
MR       .....                  (boots unavailable)
Stlth    ++........             g - amulet of faith {Faith}
HPRegen  0.05/turn              (no ring)
MPRegen  0.09/turn              (no ring)

@: quick
A: very small, no armour, no weapons or thrown items, stealth, claws 1, fangs 3,
see invisible, carnivore, speed 1, shaggy fur 1, slow metabolism 1, sharp paws
a: Renounce Religion


You were on level 2 of the Dungeon.
You worshipped Xom.
You were a toy of Xom.
You were not hungry.

You visited 1 branch of the dungeon, and saw 2 of its levels.

You collected 35 gold pieces.

Inventory:

Jewellery
 g - an amulet of faith (around neck) {Faith}
Scrolls
 a - a scroll of remove curse {unknown}
 e - a scroll of immolation {unknown}
 i - 2 scrolls of identify {unknown}
 j - a scroll of blinking {unknown}
Potions
 b - a potion of agility {unknown}
 c - a potion of invisibility {unknown}
 d - 2 potions of degeneration {unknown}
 f - 2 potions of curing {unknown}
 h - a potion of mutation {unknown}
Comestibles
 z - 5 rations


   Skills:
 + Level 3.3 Fighting
 + Level 3.8 Dodging
 + Level 1.9 Stealth
 + Level 3.3 Unarmed Combat


You had 2 spell levels left.
You didn't know any spells.
Your spell library was empty.

Dungeon Overview and Level Annotations

Branches:
Dungeon (2/15)

Altars:
Xom


Innate Abilities, Weirdness & Mutations

You cannot wear armour.
You are incapable of wielding weapons or throwing items.
Your paws allow you to move quietly. (Stealth)
You have sharp claws.
You have razor-sharp teeth.
You have supernaturally acute eyesight. (SInv)
You are carnivorous and can eat meat at any time.
You cover ground quickly.
You are covered in fur. (AC +1)
You have a slow metabolism.
Your sharp claws are effective at attacking unaware monsters.


Message History

A fire vortex comes into view.
A fire vortex is nearby!
A fire vortex is nearby!
You scratch the fire vortex.
The fire vortex is lightly damaged.
You scratch the fire vortex.
The fire vortex is lightly damaged.
You scratch the fire vortex. You bite the fire vortex.
The fire vortex is moderately damaged.
You scratch the fire vortex but do no damage.
The fire vortex is moderately damaged.
The fire vortex barely misses you.
You scratch the fire vortex but do no damage.
You bite the fire vortex.
The fire vortex is moderately damaged.
The fire vortex hits you.
You emit a cloud of colourful smoke!
The fire vortex burns you!
Ouch! That really hurt!
You die...

#..######.........#
#.....<...#######.#
#.##.####.# #.#
..##.####
#.#######.
........#
#.......>.
####.##.#
#.######## #.##.#
#.#
#.##...#######§#
#.####......§@§#
#.. ......§§.# ###
##########


There were no monsters in sight!

Vanquished Creatures
  A worm (D:2)
  A dart slug (D:1)
  2 leopard geckos
  2 giant cockroaches (D:1)
  3 goblins
  5 hobgoblins
  3 jackals (D:1)
  5 bats
  A frilled lizard (D:2)
  2 kobolds (D:1)
  5 rats
30 creatures vanquished.

Notes
Turn   | Place    | Note
-------+----------+-------------------------------------------
     0 | D:1      | Redear the Felid Chaos Knight began the quest for the Orb.
     0 | D:1      | Reached XP level 1. HP: 10/10 MP: 2/2
    38 | D:1      | XOM: butterfly on damage
   359 | D:1      | Reached skill level 1 in Stealth
   372 | D:1      | Reached XP level 2. HP: 7/14 MP: 3/3
   622 | D:1      | XOM: mild Conj miscast
  1009 | D:2      | XOM: divination: detect creatures
  1277 | D:2      | Reached XP level 3. HP: 17/17 MP: 4/4
  1290 | D:2      | XOM: scenery: create altars
  1554 | D:2      | XOM: silly message
  1567 | D:2      | XOM is BORED!
  1567 | D:2      | XOM: mild Fire miscast
  1572 | D:2      | XOM: smoke on damage
  1572 | D:2      | Slain by a fire vortex

Levels and vault maps discovered:
D:1:      lemuel_arrival_broad_hall, layout_loops_ring, minmay_pentomino_u2
D:2:      layout_loops_corners, eino_tiny_chamber, minmay_misc_feat_enclosed

Skill      XL: |  1 |
---------------+----+-----
Stealth        | 1 |  1.9
Fighting       | |  3.3
Dodging        | |  3.8
Unarmed Combat | |  3.3

Action                   || total
-------------------------++-------
Melee: Unarmed           ||    80
       Bite              ||     9
       Punch             ||     1
 Stab: Sleeping          ||     8
Armor: Skin              ||     5
Dodge: Dodged            ||    68

Table legend:
 A = Non-vault XP
 B = Vault XP
 C = Vault XP percentage of total XP
 D = Non-vault monster count
 E = Vault monster count
 F = Vault count percentage of total count
                 A         B        C        D         E       F
            +---------+---------+-------+---------+---------+-------
      Total |      54 |       1 |   1.8 |      29 |       1 |   3.3
            +---------+---------+-------+---------+---------+-------
        D:1 |      31 |       1 |   3.1 |      17 |       1 |   5.6
        D:2 |      23 |       0 |   0.0 |      12 |       0 |   0.0
            +---------+---------+-------+---------+---------+-------
